Nordiques vs Predators

Created - 14 février 2013 at 19:29

Goals
1 2 3 T
Nordiques 0 2 2 4
Predators 1 0 2 3
Shots
1 2 3 T
Nordiques 12 12 16 40
Predators 11 10 11 32

1st period

1. Predators , Alexander Ovechkin 22 (Joe Thornton) at 10:16

Penalties :
Joe Thornton (Nas) for Roughing (Minor) at 0:05, Cory Sarich (Que) for Roughing (Minor) at 19:49

2nd period

2. Nordiques , Eric Brewer 4 (Lubomir Visnovsky, Rene Bourque) at 11:59 (PP)
3. Nordiques , Mike Cammalleri 14 (Rene Bourque, Lubomir Visnovsky) at 12:07

Penalties :
Jean-Pierre Dumont (Nas) for Holding (Minor) at 11:35

3rd period

4. Predators , Joe Thornton 19 (Alexander Ovechkin) at 0:07 (PP)
5. Nordiques , Matt Pettinger 8 (Stephen Weiss, Lubomir Visnovsky) at 6:02
6. Nordiques , Eric Brewer 5 (Lubomir Visnovsky, Rene Bourque) at 9:16 (PP)
7. Predators , Mike Sillinger 18 (Oleg Saprykin, Paul Mara) at 12:53

Penalties :
Mike Cammalleri (Que) for High sticking (Minor) at 0:03, Nick Schultz (Que) for High sticking (Minor) at 4:02, Mariusz Czerkawski (Nas) for Holding (Minor) at 8:49, Saku Koivu (Que) for Hooking (Minor) at 19:44

Goalie Stats

Roberto Luongo (Que), 29 saves from 32 shots - (0,906), W, 21-12-2, 60:00 minutes
Rick DiPietro (Nas), 36 saves from 40 shots - (0,900), L, 16-11-2, 59:46 minutes

Players Stats for Nordiques

Player Name              G  A  P  +/- PIM S  H  SB GA TA FO     MP     PP MP  PK MP  
------------------------------------------------------------------------------------
Alexei Ponikarovsky      0  0  0   0  0   4  3  2  0  1  0/0    15:13   0:00   2:56 
Brian Gionta             0  0  0  -1  0   0  0  0  0  0  0/0    14:04   0:50   0:00 
Cory Sarich              0  0  0  -1  2   2  1  4  0  0  0/0    19:23   0:52   0:48 
Dave Scatchard           0  0  0  -1  0   0  0  0  0  0  0/2     7:56   0:00   0:06 
Eric Brewer              2  0  2   1  0   5  1  1  1  1  0/0    27:20   1:58   2:46 
Ian Moran                0  0  0   0  0   0  2  0  0  0  0/0    12:34   0:00   0:00 
Karel Pilar              0  0  0  -1  0   0  0  2  0  1  0/0    20:06   0:52   1:31 
Kris Vernarsky           0  0  0   0  0   4  0  0  1  1  7/12   15:29   0:00   2:56 
Lubomir Visnovsky        0  4  4   1  0   1  1  4  2  1  0/0    26:55   1:58   2:46 
Matt Pettinger           1  0  1   0  0   2  0  1  0  0  0/0    15:27   0:50   1:21 
Mattias Weinhandl        0  0  0  -1  0   3  0  1  1  0  0/0     7:40   0:00   0:00 
Mike Cammalleri          1  0  1   1  2   5  2  1  1  0  0/0    21:39   2:00   0:00 
Nick Schultz             0  0  0   1  2   1  0  0  1  0  0/0    13:17   0:00   0:43 
Pasi Salonen             0  0  0  -1  0   0  0  0  0  0  1/1     7:40   0:00   0:00 
Rene Bourque             0  3  3   1  0   2  3  1  0  1  1/1    21:40   2:00   0:00 
Saku Koivu               0  0  0   1  2   4  2  2  2  0  25/39  21:39   2:00   0:00 
Stephen Weiss            0  1  1   0  0   5  2  0  1  0  4/10   15:20   0:50   1:15 
Valeri Bure              0  0  0   0  0   2  0  1  0  0  0/0    12:17   0:00   0:00 

Players Stats for Predators

Player Name              G  A  P  +/- PIM S  H  SB GA TA FO     MP     PP MP  PK MP  
------------------------------------------------------------------------------------
Adrian Aucoin            0  0  0   0  0   3  1  3  1  0  0/0    28:32   2:30   2:04 
Alexander Ovechkin       1  1  2  -1  0   10 4  1  1  1  1/8    23:12   2:38   2:00 
Alexander Steen          0  0  0   0  0   1  0  0  1  0  0/0     8:22   0:00   0:11 
Barret Jackman           0  0  0  -1  0   2  1  1  0  2  0/0    21:36   1:47   0:46 
Chris Simon              0  0  0   0  0   2  0  0  0  1  0/0    16:47   1:39   0:00 
Jean-Pierre Dumont       0  0  0  -1  2   0  1  0  0  0  1/2    20:48   2:38   0:46 
Joe Thornton             1  1  2  -1  2   1  3  2  0  2  14/29  21:21   2:38   0:51 
Keith Aulie              0  0  0   0  0   2  0  1  0  0  0/0     5:55   0:00   0:00 
Kent Huskins             0  0  0   0  0   2  0  1  1  0  0/0    22:05   1:47   0:46 
Mariusz Czerkawski       0  0  0   1  2   0  3  0  0  0  0/0    13:10   0:00   1:02 
Michael Grabner          0  0  0   0  0   1  2  1  0  0  0/0     7:43   0:00   0:00 
Mikael Samuelsson        0  0  0   0  0   2  3  1  0  0  0/0    16:47   1:39   0:00 
Mike Ribeiro             0  0  0   0  0   0  2  1  0  0  7/17   18:05   1:39   0:50 
Mike Sillinger           1  0  1   1  0   1  3  0  0  0  4/6    12:09   0:00   0:00 
Oleg Saprykin            0  1  1   1  0   0  1  1  1  0  0/1    12:09   0:00   0:00 
Paul Mara                0  1  1   1  0   1  0  0  0  1  0/0    14:26   0:00   0:00 
Robyn Regehr             0  0  0   0  0   3  0  3  1  3  0/0    26:17   2:30   2:04 
Todd White               0  0  0   0  0   1  1  0  0  0  0/2     7:43   0:00   0:00 

3 Stars

1 - Lubomir Visnovsky (Que)
2 - Eric Brewer (Que)
3 - Rene Bourque (Que)

Power Play

Nordiques - 2 on 3 Attempt(s) - 66,67%
Predators - 1 on 4 Attempt(s) - 25,00%

Penalty Kill

Nordiques - 3 on 4 Attempt(s) - 75,00% - Score 0 goal in Penalty Kill
Predators - 1 on 3 Attempt(s) - 33,33% - Score 0 goal in Penalty Kill

Official

Referees : Charron Francis and Rehman Kyle
Linesman : Jonny Murray and Steve Barton

Game Notes

Keith Aulie is injured at 4:19 of 2nd period (Right Leg)

Finance

Level 1 -- Attendance: 4717 (78,62%) -- Ticket Income 466 983 $
Level 2 -- Attendance: 3512 (70,24%) -- Ticket Income 207 208 $
Level 3 -- Attendance: 1913 (95,65%) -- Ticket Income 61 216 $
Level 4 -- Attendance: 3620 (90,50%) -- Ticket Income 72 400 $
Luxury Box -- Attendance: 688 (68,80%) -- Ticket Income 137 600 $
Game was played at the Wildcat center
Total Attendance: 14450 (80,28%)
Total Ticket Income: 945 407 $
Total Income: 945 407 $

Nordiques

5 vs 5 Forward 
   Center                   Left Wing                Right Wing               Time % Phy DF OF 
 1 Saku Koivu               Mike Cammalleri          Rene Bourque             40     1   2  2  
 2 Stephen Weiss            Matt Pettinger           Brian Gionta             30     1   2  2  
 3 Kris Vernarsky           Alexei Ponikarovsky      Valeri Bure              20     1   2  2  
 4 Dave Scatchard           Pasi Salonen             Mattias Weinhandl        10     1   2  2  

5 vs 5 Defense 
   Defense                  Defense                                           Time % Phy DF OF 
 1 Eric Brewer              Lubomir Visnovsky                                 40     1   2  2  
 2 Karel Pilar              Cory Sarich                                       30     1   2  2  
 3 Ian Moran                Nick Schultz                                      20     1   2  2  
 4 Eric Brewer              Lubomir Visnovsky                                 10     1   2  2  

PowerPlay Forward 
   Center                   Left Wing                Right Wing               Time % Phy DF OF 
 1 Saku Koivu               Mike Cammalleri          Rene Bourque             60     1   2  2  
 2 Stephen Weiss            Matt Pettinger           Brian Gionta             40     1   2  2  

PowerPlay Defense
   Defense                  Defense                                           Time % Phy DF OF 
 1 Eric Brewer              Lubomir Visnovsky                                 60     1   2  2  
 2 Karel Pilar              Cory Sarich                                       40     1   2  2  

Penalty Kill 4 Players Forward 
   Center                   Wing                     Time % Phy DF OF 
 1 Kris Vernarsky           Alexei Ponikarovsky      60     1   2  2  
 2 Stephen Weiss            Matt Pettinger           40     1   2  2  

Penalty Kill 4 Players Defense
   Defense                  Defense                  Time % Phy DF OF 
 1 Eric Brewer              Lubomir Visnovsky        60     1   2  2  
 2 Karel Pilar              Cory Sarich              40     1   2  2  

Penalty Kill - 3 Players Forward 
   Forward                                           Time % Phy DF OF 
 1 Kris Vernarsky                                    60     1   2  2  
 2 Mike Cammalleri                                   40     1   2  2  

Penalty Kill - 3 Players Defense
   Defense                  Defense                  Time % Phy DF OF 
 1 Eric Brewer              Lubomir Visnovsky        60     1   2  2  
 2 Karel Pilar              Cory Sarich              40     1   2  2  

4 vs 4 Forward 
   Center                   Wing                     Time % Phy DF OF 
 1 Saku Koivu               Mike Cammalleri          60     1   2  2  
 2 Stephen Weiss            Matt Pettinger           40     1   2  2  

4 vs 4 Defense
   Defense                  Defense                  Time % Phy DF OF 
 1 Eric Brewer              Lubomir Visnovsky        60     1   2  2  
 2 Karel Pilar              Cory Sarich              40     1   2  2  

Last Minutes Offensive
   Center                   Left Wing                Right Wing               Defense                  Defense                  
   Saku Koivu               Mike Cammalleri          Rene Bourque             Eric Brewer              Lubomir Visnovsky        

Last Minutes Defensive
   Center                   Left Wing                Right Wing               Defense                  Defense                  
   Saku Koivu               Mike Cammalleri          Rene Bourque             Eric Brewer              Lubomir Visnovsky        

Goaltenders
Starting : Roberto Luongo           
Backup : John Grahame             

Extra Forwards
Normal : Kris Vernarsky, Valeri Bure, Alexei Ponikarovsky - PP : Kris Vernarsky, Valeri Bure - PK : Alexei Ponikarovsky
Extra Defensemen
Normal : Ian Moran, Nick Schultz, Karel Pilar - PP : Ian Moran - PK : Nick Schultz, Karel Pilar
Penalty Shots
Saku Koivu, Mike Cammalleri, Rene Bourque, Matt Pettinger, Stephen Weiss

Predators

5 vs 5 Forward 
   Center                   Left Wing                Right Wing               Time % Phy DF OF 
 1 Joe Thornton             Alexander Ovechkin       Jean-Pierre Dumont       40     1   2  2  
 2 Mike Ribeiro             Chris Simon              Mikael Samuelsson        30     1   2  2  
 3 Mike Sillinger           Oleg Saprykin            Mariusz Czerkawski       20     1   2  2  
 4 Todd White               Alexander Steen          Michael Grabner          10     1   2  2  

5 vs 5 Defense 
   Defense                  Defense                                           Time % Phy DF OF 
 1 Adrian Aucoin            Robyn Regehr                                      40     1   2  2  
 2 Kent Huskins             Barret Jackman                                    30     1   2  2  
 3 Paul Mara                Keith Aulie                                       20     1   2  2  
 4 Adrian Aucoin            Robyn Regehr                                      10     1   2  2  

PowerPlay Forward 
   Center                   Left Wing                Right Wing               Time % Phy DF OF 
 1 Joe Thornton             Alexander Ovechkin       Jean-Pierre Dumont       60     1   2  2  
 2 Mike Ribeiro             Chris Simon              Mikael Samuelsson        40     1   2  2  

PowerPlay Defense
   Defense                  Defense                                           Time % Phy DF OF 
 1 Adrian Aucoin            Robyn Regehr                                      60     1   2  2  
 2 Kent Huskins             Barret Jackman                                    40     1   2  2  

Penalty Kill 4 Players Forward 
   Center                   Wing                     Time % Phy DF OF 
 1 Alexander Ovechkin       Joe Thornton             60     1   2  2  
 2 Mike Ribeiro             Jean-Pierre Dumont       40     1   2  2  

Penalty Kill 4 Players Defense
   Defense                  Defense                  Time % Phy DF OF 
 1 Adrian Aucoin            Robyn Regehr             60     1   2  2  
 2 Kent Huskins             Barret Jackman           40     1   2  2  

Penalty Kill - 3 Players Forward 
   Forward                                           Time % Phy DF OF 
 1 Alexander Ovechkin                                60     1   2  2  
 2 Joe Thornton                                      40     1   2  2  

Penalty Kill - 3 Players Defense
   Defense                  Defense                  Time % Phy DF OF 
 1 Adrian Aucoin            Robyn Regehr             60     1   2  2  
 2 Kent Huskins             Barret Jackman           40     1   2  2  

4 vs 4 Forward 
   Center                   Wing                     Time % Phy DF OF 
 1 Alexander Ovechkin       Joe Thornton             60     1   2  2  
 2 Mike Ribeiro             Jean-Pierre Dumont       40     1   2  2  

4 vs 4 Defense
   Defense                  Defense                  Time % Phy DF OF 
 1 Adrian Aucoin            Robyn Regehr             60     1   2  2  
 2 Kent Huskins             Barret Jackman           40     1   2  2  

Last Minutes Offensive
   Center                   Left Wing                Right Wing               Defense                  Defense                  
   Joe Thornton             Alexander Ovechkin       Jean-Pierre Dumont       Adrian Aucoin            Robyn Regehr             

Last Minutes Defensive
   Center                   Left Wing                Right Wing               Defense                  Defense                  
   Joe Thornton             Alexander Ovechkin       Jean-Pierre Dumont       Adrian Aucoin            Robyn Regehr             

Goaltenders
Starting : Rick DiPietro            
Backup : Nikolai Khabibulin       

Extra Forwards
Normal : Mike Sillinger, Oleg Saprykin, Mariusz Czerkawski - PP : Mike Sillinger, Oleg Saprykin - PK : Mariusz Czerkawski
Extra Defensemen
Normal : Paul Mara, Keith Aulie, Kent Huskins - PP : Paul Mara - PK : Keith Aulie, Kent Huskins
Penalty Shots
Alexander Ovechkin, Joe Thornton, Mike Ribeiro, Jean-Pierre Dumont, Chris Simon

% Time on Ice - Nordiques

Lines # - Real PCT - Wanted PCT - Time Play
Normal Forward
1 - 36% - 40% - 18:55
2 - 25% - 30% - 13:15
3 - 24% - 20% - 12:17
4 - 15% - 10% - 7:40
Normal Defense
1 - 38% - 40% - 19:48
2 - 33% - 30% - 17:20
3 - 24% - 20% - 12:34
4 - 5% - 10% - 2:25
PP Forward
1 - 71% - 60% - 2:00
2 - 29% - 40% - 0:50
PP Defense
1 - 69% - 60% - 1:58
2 - 31% - 40% - 0:52
PK Forward
1 - 71% - 60% - 3:02
2 - 29% - 40% - 1:15
PK Defense
1 - 65% - 60% - 2:46
2 - 35% - 40% - 1:31
PK3 Forward
1 - 0% - 60%
2 - 0% - 40%
PK3 Defense
1 - 0% - 60%
2 - 0% - 40%
44 Forward
1 - 0% - 60%
2 - 0% - 40%
44 Defense
1 - 0% - 60%
2 - 0% - 40%
Last Minute Offensive  - 0:00
Last Minute Defensive  - 0:46
Total
Forward - 60:00
Defense - 60:00

% Time on Ice - Predators

Lines # - Real PCT - Wanted PCT - Time Play
Normal Forward
1 - 33% - 40% - 17:10
2 - 29% - 30% - 15:08
3 - 23% - 20% - 12:09
4 - 15% - 10% - 7:43
Normal Defense
1 - 37% - 40% - 19:23
2 - 32% - 30% - 16:42
3 - 28% - 20% - 14:26
4 - 3% - 10% - 1:39
PP Forward
1 - 61% - 60% - 2:38
2 - 39% - 40% - 1:39
PP Defense
1 - 58% - 60% - 2:30
2 - 42% - 40% - 1:47
PK Forward
1 - 73% - 60% - 2:04
2 - 27% - 40% - 0:46
PK Defense
1 - 73% - 60% - 2:04
2 - 27% - 40% - 0:46
PK3 Forward
1 - 0% - 60%
2 - 0% - 40%
PK3 Defense
1 - 0% - 60%
2 - 0% - 40%
44 Forward
1 - 0% - 60%
2 - 0% - 40%
44 Defense
1 - 0% - 60%
2 - 0% - 40%
Last Minute Offensive  - 0:43
Last Minute Defensive  - 0:00
Total
Forward - 60:00
Defense - 60:00

Play by Play

1st period


0:01 of 1st period - Joe Thornton wins face-off versus Saku Koivu in neutral zone.
0:05 of 1st period - Minor Penalty to Joe Thornton for Roughing.
0:06 of 1st period - Saku Koivu wins face-off versus Alexander Ovechkin in Predators zone.
0:38 of 1st period - Slapshot by Stephen Weiss.
0:38 of 1st period - Stopped by Rick DiPietro without a rebound.
0:39 of 1st period - Saku Koivu wins face-off versus Alexander Ovechkin in Predators zone.
2:05 of 1st period - Penalty to Joe Thornton is over, Joe Thornton is back on ice.
2:12 of 1st period - Icing by Adrian Aucoin.
2:13 of 1st period - Kris Vernarsky wins face-off versus Joe Thornton in Predators zone.
2:28 of 1st period - Snap shot by Kris Vernarsky.
2:28 of 1st period - Stopped by Rick DiPietro with a rebound.
3:28 of 1st period - Wrist shot by Rene Bourque.
3:28 of 1st period - Shot Hit the Post.
3:58 of 1st period - Brian Gionta is hit by Mike Sillinger and loses puck.
4:03 of 1st period - Wrist shot by Mike Sillinger.
4:03 of 1st period - Shot Misses the Net.
4:05 of 1st period - Slapshot by Keith Aulie.
4:05 of 1st period - Stopped by Roberto Luongo without a rebound.
4:06 of 1st period - Joe Thornton wins face-off versus Saku Koivu in Nordiques zone.
4:19 of 1st period - Wrist shot by Alexander Ovechkin.
4:19 of 1st period - Stopped by Roberto Luongo without a rebound.
4:20 of 1st period - Saku Koivu wins face-off versus Mike Ribeiro in Nordiques zone.
4:52 of 1st period - Off-side.
4:53 of 1st period - Kris Vernarsky wins face-off versus Joe Thornton in neutral zone.
5:02 of 1st period - Snap shot by Alexander Ovechkin.
5:02 of 1st period - Shot Misses the Net.
5:08 of 1st period - Snap shot by Valeri Bure.
5:08 of 1st period - Shot Misses the Net.
5:10 of 1st period - Slapshot by Lubomir Visnovsky.
5:10 of 1st period - Shot Blocked by Alexander Ovechkin.
5:18 of 1st period - Backhand shot by Kris Vernarsky.
5:18 of 1st period - Stopped by Rick DiPietro without a rebound.
5:19 of 1st period - Saku Koivu wins face-off versus Mike Ribeiro in Predators zone.
5:26 of 1st period - Snap shot by Rene Bourque.
5:26 of 1st period - Shot Blocked by Robyn Regehr.
5:28 of 1st period - Wrist shot by Mike Cammalleri.
5:28 of 1st period - Shot Misses the Net.
5:30 of 1st period - Wrist shot by Rene Bourque.
5:30 of 1st period - Shot Misses the Net.
5:32 of 1st period - Snap shot by Mike Cammalleri.
5:32 of 1st period - Stopped by Rick DiPietro without a rebound.
5:33 of 1st period - Stephen Weiss wins face-off versus Mike Ribeiro in Predators zone.
5:49 of 1st period - Wrist shot by Stephen Weiss.
5:49 of 1st period - Stopped by Rick DiPietro with a rebound.
6:24 of 1st period - Off-side.
6:25 of 1st period - Mike Sillinger wins face-off versus Dave Scatchard in neutral zone.
7:01 of 1st period - Nick Schultz is hit by Alexander Ovechkin and loses puck.
7:59 of 1st period - Mike Sillinger is hit by Alexei Ponikarovsky and loses puck.
8:17 of 1st period - Matt Pettinger is hit by Alexander Ovechkin and loses puck.
8:22 of 1st period - Wrist shot by Alexander Ovechkin.
8:22 of 1st period - Stopped by Roberto Luongo with a rebound.
8:49 of 1st period - Wrist shot by Chris Simon.
8:49 of 1st period - Shot Blocked by Alexei Ponikarovsky.
8:55 of 1st period - Wrist shot by Alexander Steen.
8:55 of 1st period - Shot Misses the Net.
8:57 of 1st period - Wrist shot by Alexander Steen.
8:57 of 1st period - Shot Blocked by Valeri Bure.
8:59 of 1st period - Snap shot by Alexander Steen.
8:59 of 1st period - Stopped by Roberto Luongo with a rebound.
9:37 of 1st period - Snap shot by Mike Ribeiro.
9:37 of 1st period - Deflect By Chris Simon.
9:37 of 1st period - Shot Misses the Net.
9:37 of 1st period - Puck is out of play.
9:38 of 1st period - Saku Koivu wins face-off versus Joe Thornton in Nordiques zone.
10:12 of 1st period - Wrist shot by Mikael Samuelsson.
10:12 of 1st period - Deflect By Stephen Weiss.
10:12 of 1st period - Shot Misses the Net.
10:12 of 1st period - Puck is out of play.
10:13 of 1st period - Joe Thornton wins face-off versus Stephen Weiss in Nordiques zone.
10:16 of 1st period - Wrist shot by Alexander Ovechkin.
10:16 of 1st period - Goal by Alexander Ovechkin - Nordiques : 0 - Predators : 1.
10:17 of 1st period - Saku Koivu wins face-off versus Joe Thornton in neutral zone.
10:24 of 1st period - Robyn Regehr is hit by Mike Cammalleri and loses puck.
10:33 of 1st period - Snap shot by Jean-Pierre Dumont.
10:33 of 1st period - Shot Misses the Net.
10:52 of 1st period - Cory Sarich is hit by Oleg Saprykin and loses puck.
11:07 of 1st period - Wrist shot by Saku Koivu.
11:07 of 1st period - Stopped by Rick DiPietro with a rebound.
11:31 of 1st period - Barret Jackman is hit by Stephen Weiss and loses puck.
12:42 of 1st period - Snap shot by Oleg Saprykin.
12:42 of 1st period - Shot Misses the Net.
13:08 of 1st period - Matt Pettinger is hit by Todd White and loses puck.
13:23 of 1st period - Snap shot by Adrian Aucoin.
13:23 of 1st period - Shot Misses the Net.
13:25 of 1st period - Slapshot by Robyn Regehr.
13:25 of 1st period - Stopped by Roberto Luongo with a rebound.
13:27 of 1st period - Snap shot by Mike Ribeiro.
13:27 of 1st period - Shot Misses the Net.
14:28 of 1st period - Wrist shot by Mikael Samuelsson.
14:28 of 1st period - Stopped by Roberto Luongo with a rebound.
14:30 of 1st period - Backhand shot by Chris Simon.
14:30 of 1st period - Stopped by Roberto Luongo without a rebound.
14:31 of 1st period - Joe Thornton wins face-off versus Saku Koivu in Nordiques zone.
14:32 of 1st period - Snap shot by Alexander Ovechkin.
14:32 of 1st period - Stopped by Roberto Luongo without a rebound.
14:33 of 1st period - Joe Thornton wins face-off versus Saku Koivu in Nordiques zone.
14:38 of 1st period - Wrist shot by Jean-Pierre Dumont.
14:38 of 1st period - Shot Blocked by Lubomir Visnovsky.
14:40 of 1st period - Snap shot by Paul Mara.
14:40 of 1st period - Shot Misses the Net.
14:42 of 1st period - Slapshot by Paul Mara.
14:42 of 1st period - Shot Blocked by Lubomir Visnovsky.
14:44 of 1st period - Snap shot by Jean-Pierre Dumont.
14:44 of 1st period - Shot Misses the Net.
14:46 of 1st period - Slapshot by Paul Mara.
14:46 of 1st period - Shot Blocked by Saku Koivu.
14:48 of 1st period - Slapshot by Paul Mara.
14:48 of 1st period - Shot Hit the Post.
15:10 of 1st period - Slapshot by Mike Sillinger.
15:10 of 1st period - Shot Blocked by Rene Bourque.
15:12 of 1st period - Slapshot by Keith Aulie.
15:12 of 1st period - Stopped by Roberto Luongo without a rebound.
15:13 of 1st period - Joe Thornton wins face-off versus Stephen Weiss in Nordiques zone.
15:26 of 1st period - Wrist shot by Alexander Ovechkin.
15:26 of 1st period - Shot Misses the Net.
15:38 of 1st period - Mike Ribeiro is hit by Alexei Ponikarovsky and loses puck.
15:49 of 1st period - Wrist shot by Mikael Samuelsson.
15:49 of 1st period - Shot Misses the Net.
16:04 of 1st period - Cory Sarich is hit by Mariusz Czerkawski and loses puck.
16:50 of 1st period - Stephen Weiss is hit by Mike Ribeiro and loses puck.
17:09 of 1st period - Wrist shot by Todd White.
17:09 of 1st period - Shot Misses the Net.
17:11 of 1st period - Slapshot by Barret Jackman.
17:11 of 1st period - Shot Blocked by Lubomir Visnovsky.
17:13 of 1st period - Snap shot by Paul Mara.
17:13 of 1st period - Stopped by Roberto Luongo without a rebound.
17:14 of 1st period - Saku Koivu wins face-off versus Todd White in Nordiques zone.
17:27 of 1st period - Snap shot by Rene Bourque.
17:27 of 1st period - Shot Misses the Net.
17:29 of 1st period - Snap shot by Saku Koivu.
17:29 of 1st period - Stopped by Rick DiPietro with a rebound.
17:48 of 1st period - Wrist shot by Alexander Ovechkin.
17:48 of 1st period - Shot Misses the Net.
18:00 of 1st period - Mikael Samuelsson is hit by Ian Moran and loses puck.
18:19 of 1st period - Ian Moran is hit by Mariusz Czerkawski.
18:23 of 1st period - Wrist shot by Kris Vernarsky.
18:23 of 1st period - Stopped by Rick DiPietro with a rebound.
18:25 of 1st period - Slapshot by Eric Brewer.
18:25 of 1st period - Deflect By Robyn Regehr.
18:25 of 1st period - Stopped by Rick DiPietro with a rebound.
18:27 of 1st period - Slapshot by Eric Brewer.
18:27 of 1st period - Deflect By Adrian Aucoin.
18:27 of 1st period - Stopped by Rick DiPietro with a rebound.
18:29 of 1st period - Wrist shot by Alexei Ponikarovsky.
18:29 of 1st period - Stopped by Rick DiPietro without a rebound.
18:30 of 1st period - Saku Koivu wins face-off versus Joe Thornton in Predators zone.
18:31 of 1st period - Snap shot by Rene Bourque.
18:31 of 1st period - Shot Misses the Net.
18:36 of 1st period - Off-side.
18:37 of 1st period - Saku Koivu wins face-off versus Joe Thornton in neutral zone.
19:10 of 1st period - Icing by Saku Koivu.
19:11 of 1st period - Saku Koivu wins face-off versus Mike Ribeiro in Nordiques zone.
19:20 of 1st period - Wrist shot by Mike Cammalleri.
19:20 of 1st period - Shot Misses the Net.
19:22 of 1st period - Slapshot by Eric Brewer.
19:22 of 1st period - Stopped by Rick DiPietro with a rebound.
19:38 of 1st period - Slapshot by Eric Brewer.
19:38 of 1st period - Deflect By Stephen Weiss.
19:38 of 1st period - Deflect By Adrian Aucoin.
19:38 of 1st period - Shot Blocked by Robyn Regehr.
19:38 of 1st period - Puck is out of play.
19:39 of 1st period - Mike Sillinger wins face-off versus Stephen Weiss in Predators zone.
19:49 of 1st period - Minor Penalty to Cory Sarich for Roughing.
19:50 of 1st period - Kris Vernarsky wins face-off versus Alexander Ovechkin in Nordiques zone.

2nd period


0:01 of 2nd period - Kris Vernarsky wins face-off versus Joe Thornton in neutral zone.
0:06 of 2nd period - Slapshot by Kris Vernarsky.
0:06 of 2nd period - Shot Misses the Net.
1:39 of 2nd period - Eric Brewer is hit by Joe Thornton.
1:49 of 2nd period - Penalty to Cory Sarich is over, Cory Sarich is back on ice.
1:55 of 2nd period - Slapshot by Adrian Aucoin.
1:55 of 2nd period - Shot Blocked by Cory Sarich.
1:57 of 2nd period - Slapshot by Mariusz Czerkawski.
1:57 of 2nd period - Shot Blocked by Mike Cammalleri.
1:59 of 2nd period - Slapshot by Adrian Aucoin.
1:59 of 2nd period - Shot Blocked by Cory Sarich.
2:01 of 2nd period - Slapshot by Robyn Regehr.
2:01 of 2nd period - Stopped by Roberto Luongo without a rebound.
2:02 of 2nd period - Saku Koivu wins face-off versus Mike Sillinger in Nordiques zone.
2:02 of 2nd period - Saku Koivu is hit by Mike Sillinger.
2:32 of 2nd period - Wrist shot by Matt Pettinger.
2:32 of 2nd period - Shot Misses the Net.
2:34 of 2nd period - Slapshot by Cory Sarich.
2:34 of 2nd period - Shot Blocked by Oleg Saprykin.
4:00 of 2nd period - Mike Ribeiro is hit by Ian Moran and loses puck.
4:17 of 2nd period - Wrist shot by Mattias Weinhandl.
4:17 of 2nd period - Stopped by Rick DiPietro with a rebound.
4:19 of 2nd period - Slapshot by Lubomir Visnovsky.
4:19 of 2nd period - Shot Blocked by Keith Aulie.
4:19 of 2nd period - Keith Aulie from Predators is injured at 4:19 of 2nd period (Right Leg).
4:20 of 2nd period - Jean-Pierre Dumont wins face-off versus Saku Koivu in Predators zone.
4:25 of 2nd period - Wrist shot by Alexander Ovechkin.
4:25 of 2nd period - Shot Misses the Net.
5:09 of 2nd period - Snap shot by Robyn Regehr.
5:09 of 2nd period - Stopped by Roberto Luongo with a rebound.
6:14 of 2nd period - Karel Pilar is hit by Mikael Samuelsson and loses puck.
6:27 of 2nd period - Wrist shot by Matt Pettinger.
6:27 of 2nd period - Shot Misses the Net.
7:00 of 2nd period - Off-side.
7:01 of 2nd period - Mike Ribeiro wins face-off versus Saku Koivu in neutral zone.
7:14 of 2nd period - Wrist shot by Mike Cammalleri.
7:14 of 2nd period - Shot Misses the Net.
7:16 of 2nd period - Snap shot by Lubomir Visnovsky.
7:16 of 2nd period - Shot Misses the Net.
7:26 of 2nd period - Eric Brewer is hit by Jean-Pierre Dumont and loses puck.
7:49 of 2nd period - Eric Brewer is hit by Michael Grabner and loses puck.
8:32 of 2nd period - Wrist shot by Valeri Bure.
8:32 of 2nd period - Shot Misses the Net.
8:34 of 2nd period - Slapshot by Valeri Bure.
8:34 of 2nd period - Shot Blocked by Mikael Samuelsson.
8:46 of 2nd period - Jean-Pierre Dumont is hit by Mike Cammalleri and loses puck.
8:54 of 2nd period - Nick Schultz is hit by Joe Thornton.
9:17 of 2nd period - Todd White is hit by Cory Sarich and loses puck.
9:22 of 2nd period - Wrist shot by Stephen Weiss.
9:22 of 2nd period - Stopped by Rick DiPietro without a rebound.
9:23 of 2nd period - Pasi Salonen wins face-off versus Mike Ribeiro in Predators zone.
9:28 of 2nd period - Slapshot by Kris Vernarsky.
9:28 of 2nd period - Shot Misses the Net.
9:45 of 2nd period - Paul Mara is hit by Rene Bourque and loses puck.
10:28 of 2nd period - Icing by Joe Thornton.
10:29 of 2nd period - Joe Thornton wins face-off versus Dave Scatchard in Predators zone.
10:48 of 2nd period - Snap shot by Alexander Ovechkin.
10:48 of 2nd period - Shot Blocked by Lubomir Visnovsky.
10:50 of 2nd period - Snap shot by Jean-Pierre Dumont.
10:50 of 2nd period - Shot Misses the Net.
10:52 of 2nd period - Snap shot by Alexander Ovechkin.
10:52 of 2nd period - Stopped by Roberto Luongo without a rebound.
10:53 of 2nd period - Mike Ribeiro wins face-off versus Saku Koivu in Nordiques zone.
10:54 of 2nd period - Wrist shot by Mikael Samuelsson.
10:54 of 2nd period - Shot Misses the Net.
11:18 of 2nd period - Wrist shot by Michael Grabner.
11:18 of 2nd period - Stopped by Roberto Luongo with a rebound.
11:20 of 2nd period - Snap shot by Michael Grabner.
11:20 of 2nd period - Shot Blocked by Matt Pettinger.
11:22 of 2nd period - Slapshot by Kent Huskins.
11:22 of 2nd period - Deflect By Matt Pettinger.
11:22 of 2nd period - Stopped by Roberto Luongo without a rebound.
11:23 of 2nd period - Stephen Weiss wins face-off versus Joe Thornton in Nordiques zone.
11:23 of 2nd period - Stephen Weiss is hit by Alexander Ovechkin.
11:33 of 2nd period - Wrist shot by Eric Brewer.
11:33 of 2nd period - Shot Misses the Net.
11:35 of 2nd period - Snap shot by Stephen Weiss.
11:35 of 2nd period - Stopped by Rick DiPietro without a rebound.
11:35 of 2nd period - Minor Penalty to Jean-Pierre Dumont for Holding.
11:36 of 2nd period - Saku Koivu wins face-off versus Alexander Ovechkin in Predators zone.
11:45 of 2nd period - Snap shot by Mike Cammalleri.
11:45 of 2nd period - Shot Blocked by Joe Thornton.
11:47 of 2nd period - Snap shot by Saku Koivu.
11:47 of 2nd period - Deflect By Rene Bourque.
11:47 of 2nd period - Stopped by Rick DiPietro with a rebound.
11:49 of 2nd period - Wrist shot by Saku Koivu.
11:49 of 2nd period - Shot Misses the Net.
11:51 of 2nd period - Snap shot by Saku Koivu.
11:51 of 2nd period - Stopped by Rick DiPietro without a rebound.
11:52 of 2nd period - Saku Koivu wins face-off versus Alexander Ovechkin in Predators zone.
11:53 of 2nd period - Backhand shot by Rene Bourque.
11:53 of 2nd period - Shot Misses the Net.
11:55 of 2nd period - Slapshot by Eric Brewer.
11:55 of 2nd period - Shot Misses the Net.
11:57 of 2nd period - Snap shot by Lubomir Visnovsky.
11:57 of 2nd period - Shot Blocked by Robyn Regehr.
11:59 of 2nd period - Slapshot by Eric Brewer.
11:59 of 2nd period - Goal by Eric Brewer - Nordiques : 1 - Predators : 1.
12:00 of 2nd period - Saku Koivu wins face-off versus Joe Thornton in neutral zone.
12:07 of 2nd period - Slapshot by Rene Bourque.
12:07 of 2nd period - Deflect By Mike Cammalleri.
12:07 of 2nd period - Goal by Mike Cammalleri - Nordiques : 2 - Predators : 1.
12:08 of 2nd period - Saku Koivu wins face-off versus Jean-Pierre Dumont in neutral zone.
12:25 of 2nd period - Jean-Pierre Dumont is hit by Lubomir Visnovsky.
12:35 of 2nd period - Stephen Weiss is hit by Mikael Samuelsson and loses puck.
12:46 of 2nd period - Snap shot by Mike Ribeiro.
12:46 of 2nd period - Shot Blocked by Cory Sarich.
13:54 of 2nd period - Barret Jackman is hit by Saku Koivu and loses puck.
14:11 of 2nd period - Snap shot by Matt Pettinger.
14:11 of 2nd period - Shot Misses the Net.
14:15 of 2nd period - Wrist shot by Matt Pettinger.
14:15 of 2nd period - Shot Misses the Net.
15:11 of 2nd period - Snap shot by Mike Ribeiro.
15:11 of 2nd period - Shot Misses the Net.
15:13 of 2nd period - Slapshot by Alexander Ovechkin.
15:13 of 2nd period - Stopped by Roberto Luongo with a rebound.
15:15 of 2nd period - Slapshot by Chris Simon.
15:15 of 2nd period - Shot Blocked by Cory Sarich.
15:17 of 2nd period - Snap shot by Mike Ribeiro.
15:17 of 2nd period - Deflect By Mikael Samuelsson.
15:17 of 2nd period - Shot Misses the Net.
15:17 of 2nd period - Puck is out of play.
15:18 of 2nd period - Stephen Weiss wins face-off versus Oleg Saprykin in Nordiques zone.
15:27 of 2nd period - Wrist shot by Ian Moran.
15:27 of 2nd period - Shot Misses the Net.
15:48 of 2nd period - Snap shot by Mikael Samuelsson.
15:48 of 2nd period - Shot Misses the Net.
15:50 of 2nd period - Snap shot by Mikael Samuelsson.
15:50 of 2nd period - Shot Misses the Net.
15:52 of 2nd period - Slapshot by Kent Huskins.
15:52 of 2nd period - Stopped by Roberto Luongo with a rebound.
15:56 of 2nd period - Snap shot by Mikael Samuelsson.
15:56 of 2nd period - Stopped by Roberto Luongo with a rebound.
16:11 of 2nd period - Slapshot by Adrian Aucoin.
16:11 of 2nd period - Deflect By Todd White.
16:11 of 2nd period - Stopped by Roberto Luongo with a rebound.
16:13 of 2nd period - Snap shot by Adrian Aucoin.
16:13 of 2nd period - Shot Misses the Net.
16:15 of 2nd period - Slapshot by Adrian Aucoin.
16:15 of 2nd period - Shot Blocked by Karel Pilar.
16:46 of 2nd period - Wrist shot by Chris Simon.
16:46 of 2nd period - Deflect By Mike Ribeiro.
16:46 of 2nd period - Shot Misses the Net.
16:46 of 2nd period - Puck is out of play.
16:47 of 2nd period - Rene Bourque wins face-off versus Mike Ribeiro in Nordiques zone.
17:06 of 2nd period - Mike Ribeiro is hit by Eric Brewer.
18:08 of 2nd period - Wrist shot by Mattias Weinhandl.
18:08 of 2nd period - Shot Misses the Net.
18:22 of 2nd period - Snap shot by Mike Ribeiro.
18:22 of 2nd period - Shot Blocked by Saku Koivu.
18:25 of 2nd period - Icing by Lubomir Visnovsky.
18:26 of 2nd period - Saku Koivu wins face-off versus Mike Ribeiro in Nordiques zone.
18:55 of 2nd period - Snap shot by Saku Koivu.
18:55 of 2nd period - Shot Blocked by Mike Ribeiro.
18:57 of 2nd period - Snap shot by Mike Cammalleri.
18:57 of 2nd period - Stopped by Rick DiPietro without a rebound.
18:58 of 2nd period - Joe Thornton wins face-off versus Stephen Weiss in Predators zone.
19:11 of 2nd period - Slapshot by Matt Pettinger.
19:11 of 2nd period - Stopped by Rick DiPietro with a rebound.
19:13 of 2nd period - Slapshot by Brian Gionta.
19:13 of 2nd period - Deflect By Alexander Ovechkin.
19:13 of 2nd period - Shot Misses the Net.
19:13 of 2nd period - Puck is out of play.
19:14 of 2nd period - Mike Ribeiro wins face-off versus Saku Koivu in Predators zone.
19:14 of 2nd period - Mike Ribeiro is hit by Rene Bourque.
19:20 of 2nd period - Wrist shot by Adrian Aucoin.
19:20 of 2nd period - Stopped by Roberto Luongo without a rebound.
19:21 of 2nd period - Saku Koivu wins face-off versus Mike Ribeiro in Nordiques zone.
19:30 of 2nd period - Snap shot by Saku Koivu.
19:30 of 2nd period - Stopped by Rick DiPietro with a rebound.
19:32 of 2nd period - Snap shot by Mike Cammalleri.
19:32 of 2nd period - Shot Hit the Post.
19:34 of 2nd period - Slapshot by Rene Bourque.
19:34 of 2nd period - Stopped by Rick DiPietro with a rebound.
19:36 of 2nd period - Snap shot by Rene Bourque.
19:36 of 2nd period - Shot Misses the Net.
19:48 of 2nd period - Mike Ribeiro is hit by Alexei Ponikarovsky.
19:59 of 2nd period - Wrist shot by Valeri Bure.
19:59 of 2nd period - Stopped by Rick DiPietro with a rebound.

3rd period


0:01 of 3rd period - Saku Koivu wins face-off versus Joe Thornton in neutral zone.
0:03 of 3rd period - Minor Penalty to Mike Cammalleri for High sticking.
0:04 of 3rd period - Joe Thornton wins face-off versus Kris Vernarsky in Nordiques zone.
0:07 of 3rd period - Snap shot by Joe Thornton.
0:07 of 3rd period - Goal by Joe Thornton - Nordiques : 2 - Predators : 2.
0:08 of 3rd period - Saku Koivu wins face-off versus Joe Thornton in neutral zone.
0:23 of 3rd period - Lubomir Visnovsky is hit by Adrian Aucoin and loses puck.
0:56 of 3rd period - Valeri Bure is hit by Mike Sillinger and loses puck.
1:06 of 3rd period - Icing by Karel Pilar.
1:07 of 3rd period - Joe Thornton wins face-off versus Kris Vernarsky in Nordiques zone.
1:16 of 3rd period - Wrist shot by Alexander Ovechkin.
1:16 of 3rd period - Stopped by Roberto Luongo without a rebound.
1:17 of 3rd period - Saku Koivu wins face-off versus Joe Thornton in Nordiques zone.
1:17 of 3rd period - Saku Koivu is hit by Joe Thornton.
1:39 of 3rd period - Wrist shot by Alexander Ovechkin.
1:39 of 3rd period - Shot Misses the Net.
3:03 of 3rd period - Wrist shot by Saku Koivu.
3:03 of 3rd period - Deflect By Rene Bourque.
3:03 of 3rd period - Shot Blocked by Kent Huskins.
3:03 of 3rd period - Puck is out of play.
3:04 of 3rd period - Mike Ribeiro wins face-off versus Stephen Weiss in Predators zone.
3:42 of 3rd period - Snap shot by Matt Pettinger.
3:42 of 3rd period - Shot Misses the Net.
3:46 of 3rd period - Slapshot by Cory Sarich.
3:46 of 3rd period - Shot Blocked by Michael Grabner.
3:48 of 3rd period - Slapshot by Cory Sarich.
3:48 of 3rd period - Stopped by Rick DiPietro with a rebound.
3:52 of 3rd period - Snap shot by Matt Pettinger.
3:52 of 3rd period - Deflect By Brian Gionta.
3:52 of 3rd period - Shot Blocked by Adrian Aucoin.
3:52 of 3rd period - Puck is out of play.
3:53 of 3rd period - Kris Vernarsky wins face-off versus Mike Ribeiro in Predators zone.
3:54 of 3rd period - Snap shot by Valeri Bure.
3:54 of 3rd period - Shot Misses the Net.
4:00 of 3rd period - Alexei Ponikarovsky is hit by Mikael Samuelsson and loses puck.
4:02 of 3rd period - Minor Penalty to Nick Schultz for High sticking.
4:03 of 3rd period - Mike Ribeiro wins face-off versus Kris Vernarsky in Nordiques zone.
4:51 of 3rd period - Icing by Mike Ribeiro.
4:52 of 3rd period - Stephen Weiss wins face-off versus Mike Ribeiro in Predators zone.
5:17 of 3rd period - Slapshot by Barret Jackman.
5:17 of 3rd period - Shot Blocked by Alexei Ponikarovsky.
5:19 of 3rd period - Slapshot by Barret Jackman.
5:19 of 3rd period - Stopped by Roberto Luongo without a rebound.
5:20 of 3rd period - Kris Vernarsky wins face-off versus Alexander Ovechkin in Nordiques zone.
6:02 of 3rd period - Penalty to Nick Schultz is over, Nick Schultz is back on ice.
6:02 of 3rd period - Wrist shot by Matt Pettinger.
6:02 of 3rd period - Goal by Matt Pettinger - Nordiques : 3 - Predators : 2.
6:03 of 3rd period - Mike Ribeiro wins face-off versus Stephen Weiss in neutral zone.
6:14 of 3rd period - Snap shot by Mike Ribeiro.
6:14 of 3rd period - Shot Misses the Net.
6:16 of 3rd period - Wrist shot by Chris Simon.
6:16 of 3rd period - Stopped by Roberto Luongo without a rebound.
6:17 of 3rd period - Joe Thornton wins face-off versus Saku Koivu in Nordiques zone.
7:08 of 3rd period - Slapshot by Lubomir Visnovsky.
7:08 of 3rd period - Deflect By Oleg Saprykin.
7:08 of 3rd period - Stopped by Rick DiPietro without a rebound.
7:09 of 3rd period - Kris Vernarsky wins face-off versus Mike Sillinger in Predators zone.
7:10 of 3rd period - Wrist shot by Alexei Ponikarovsky.
7:10 of 3rd period - Stopped by Rick DiPietro with a rebound.
8:16 of 3rd period - Ian Moran is hit by Michael Grabner.
8:27 of 3rd period - Snap shot by Mattias Weinhandl.
8:27 of 3rd period - Stopped by Rick DiPietro with a rebound.
8:37 of 3rd period - Nick Schultz is hit by Mariusz Czerkawski and loses puck.
8:46 of 3rd period - Snap shot by Mike Sillinger.
8:46 of 3rd period - Shot Misses the Net.
8:48 of 3rd period - Slapshot by Barret Jackman.
8:48 of 3rd period - Stopped by Roberto Luongo with a rebound.
8:49 of 3rd period - Minor Penalty to Mariusz Czerkawski for Holding.
8:50 of 3rd period - Saku Koivu wins face-off versus Alexander Ovechkin in Predators zone.
8:58 of 3rd period - Off-side.
8:59 of 3rd period - Alexander Ovechkin wins face-off versus Saku Koivu in neutral zone.
9:12 of 3rd period - Slapshot by Eric Brewer.
9:12 of 3rd period - Shot Blocked by Adrian Aucoin.
9:14 of 3rd period - Slapshot by Lubomir Visnovsky.
9:14 of 3rd period - Shot Misses the Net.
9:16 of 3rd period - Wrist shot by Eric Brewer.
9:16 of 3rd period - Goal by Eric Brewer - Nordiques : 4 - Predators : 2.
9:17 of 3rd period - Saku Koivu wins face-off versus Joe Thornton in neutral zone.
9:25 of 3rd period - Snap shot by Saku Koivu.
9:25 of 3rd period - Shot Blocked by Joe Thornton.
9:49 of 3rd period - Wrist shot by Stephen Weiss.
9:49 of 3rd period - Stopped by Rick DiPietro with a rebound.
10:04 of 3rd period - Icing by Karel Pilar.
10:05 of 3rd period - Mike Sillinger wins face-off versus Kris Vernarsky in Nordiques zone.
10:12 of 3rd period - Wrist shot by Mike Sillinger.
10:12 of 3rd period - Shot Misses the Net.
10:16 of 3rd period - Wrist shot by Oleg Saprykin.
10:16 of 3rd period - Deflect By Valeri Bure.
10:16 of 3rd period - Shot Blocked by Karel Pilar.
10:16 of 3rd period - Puck is out of play.
10:17 of 3rd period - Saku Koivu wins face-off versus Joe Thornton in Nordiques zone.
10:17 of 3rd period - Saku Koivu is hit by Barret Jackman.
11:11 of 3rd period - Snap shot by Mike Sillinger.
11:11 of 3rd period - Shot Misses the Net.
11:27 of 3rd period - Wrist shot by Alexander Ovechkin.
11:27 of 3rd period - Shot Misses the Net.
11:29 of 3rd period - Slapshot by Joe Thornton.
11:29 of 3rd period - Shot Blocked by Mattias Weinhandl.
12:30 of 3rd period - Slapshot by Nick Schultz.
12:30 of 3rd period - Stopped by Rick DiPietro with a rebound.
12:53 of 3rd period - Wrist shot by Mike Sillinger.
12:53 of 3rd period - Goal by Mike Sillinger - Nordiques : 4 - Predators : 3.
12:54 of 3rd period - Joe Thornton wins face-off versus Saku Koivu in neutral zone.
12:57 of 3rd period - Saku Koivu is hit by Alexander Ovechkin and loses puck.
13:08 of 3rd period - Snap shot by Joe Thornton.
13:08 of 3rd period - Shot Blocked by Eric Brewer.
13:10 of 3rd period - Snap shot by Alexander Ovechkin.
13:10 of 3rd period - Shot Misses the Net.
13:20 of 3rd period - Chris Simon is hit by Stephen Weiss and loses puck.
13:27 of 3rd period - Backhand shot by Stephen Weiss.
13:27 of 3rd period - Shot Misses the Net.
13:50 of 3rd period - Snap shot by Adrian Aucoin.
13:50 of 3rd period - Stopped by Roberto Luongo without a rebound.
13:51 of 3rd period - Joe Thornton wins face-off versus Saku Koivu in Nordiques zone.
14:06 of 3rd period - Wrist shot by Saku Koivu.
14:06 of 3rd period - Shot Misses the Net.
14:43 of 3rd period - Slapshot by Mattias Weinhandl.
14:43 of 3rd period - Shot Misses the Net.
14:47 of 3rd period - Snap shot by Mattias Weinhandl.
14:47 of 3rd period - Stopped by Rick DiPietro with a rebound.
15:03 of 3rd period - Barret Jackman is hit by Rene Bourque and loses puck.
15:34 of 3rd period - Slapshot by Alexander Ovechkin.
15:34 of 3rd period - Stopped by Roberto Luongo with a rebound.
16:01 of 3rd period - Snap shot by Kris Vernarsky.
16:01 of 3rd period - Stopped by Rick DiPietro with a rebound.
16:03 of 3rd period - Snap shot by Valeri Bure.
16:03 of 3rd period - Stopped by Rick DiPietro with a rebound.
16:05 of 3rd period - Wrist shot by Alexei Ponikarovsky.
16:05 of 3rd period - Stopped by Rick DiPietro with a rebound.
16:07 of 3rd period - Slapshot by Alexei Ponikarovsky.
16:07 of 3rd period - Stopped by Rick DiPietro without a rebound.
16:08 of 3rd period - Mike Sillinger wins face-off versus Saku Koivu in Predators zone.
17:00 of 3rd period - Slapshot by Dave Scatchard.
17:00 of 3rd period - Shot Blocked by Adrian Aucoin.
17:02 of 3rd period - Wrist shot by Mattias Weinhandl.
17:02 of 3rd period - Shot Misses the Net.
17:04 of 3rd period - Wrist shot by Dave Scatchard.
17:04 of 3rd period - Shot Misses the Net.
17:14 of 3rd period - Slapshot by Alexander Ovechkin.
17:14 of 3rd period - Stopped by Roberto Luongo without a rebound.
17:15 of 3rd period - Saku Koivu wins face-off versus Todd White in Nordiques zone.
17:23 of 3rd period - Wrist shot by Mike Cammalleri.
17:23 of 3rd period - Stopped by Rick DiPietro with a rebound.
17:25 of 3rd period - Wrist shot by Rene Bourque.
17:25 of 3rd period - Shot Misses the Net.
17:27 of 3rd period - Slapshot by Cory Sarich.
17:27 of 3rd period - Stopped by Rick DiPietro with a rebound.
17:29 of 3rd period - Snap shot by Saku Koivu.
17:29 of 3rd period - Shot Blocked by Barret Jackman.
18:14 of 3rd period - Wrist shot by Alexander Ovechkin.
18:14 of 3rd period - Shot Misses the Net.
18:16 of 3rd period - Wrist shot by Alexander Ovechkin.
18:16 of 3rd period - Stopped by Roberto Luongo without a rebound.
18:17 of 3rd period - Mike Ribeiro wins face-off versus Saku Koivu in Nordiques zone.
18:20 of 3rd period - Wrist shot by Adrian Aucoin.
18:20 of 3rd period - Stopped by Roberto Luongo with a rebound.
18:31 of 3rd period - Eric Brewer is hit by Mike Ribeiro and loses puck.
19:05 of 3rd period - Alexander Ovechkin is hit by Saku Koivu and loses puck.
19:21 of 3rd period - Snap shot by Mike Cammalleri.
19:21 of 3rd period - Stopped by Rick DiPietro without a rebound.
19:22 of 3rd period - John Tortorella call a timeout for Predators.
19:22 of 3rd period - Saku Koivu wins face-off versus Joe Thornton in Predators zone.
19:44 of 3rd period - Minor Penalty to Saku Koivu for Hooking.
19:45 of 3rd period - Joe Thornton wins face-off versus Kris Vernarsky in Nordiques zone.
19:46 of 3rd period - Predators, Rick DiPietro is pulled from the net.


Output by the SimonT Hockey Simulator (STHS) for François Prévost -- Original Page W3C XHTML 1.0 Valid
Hockey Simulator - Hockey Simulation - Hockey Manager